Map: Dusk Towers

Players

Joker - Winner!

  • Race: Terran Terran
  • League: Master

pugwalker

  • Race: Terran Terran
  • League: Master

VOD

Have the link to the VOD?

Description

Time

  • Played on: Dec. 21, 2015, 2:40 p.m.
  • Length: 20:07
Show
View Real Time Build Order
Export as new Build Order

Joker Terran - Winner!

Build Orders: 1/1/1 

Get SALT Encoding   

  12  0:00  SCV  
  13  0:12  SCV  
  14  0:18  Supply Depot  
  14  0:25  SCV  
  14  0:27  Refinery  
  15  0:39  SCV  
  16  0:45  Barracks  
  16  0:51  SCV  
  17  1:03  SCV  
  18  1:15  SCV  
  19  1:31  Orbital Command  
  19  1:32  Marine  
  20  1:33  Factory  
  20  1:35  Refinery  
  20  1:41  Supply Depot  
  20  1:50  Reaper  
  21  1:59  SCV  
  22  2:06  Supply Depot  
  22  2:11  SCV  
  23  2:18  Hellion  
  23  2:19  Starport  
  23  2:22  Barracks Tech Lab  
  25  2:25  SCV  
  26  2:39  SCV, Hellion  
  29  2:46  Barracks Reactor  
  29  2:51  SCV  
  30  3:01  Hellion  
  30  3:05  SCV  
  32  3:17  Command Center, SCV, Raven  
  35  3:29  SCV  
  36  3:34  Supply Depot  
  36  3:44  SCV  
  37  3:52  Hellion  
  39  3:56  Hellion  
  39  3:58  Supply Depot  
  39  3:59  SCV  
  39  4:00  Viking  
  44  4:11  SCV  
  44  4:14  Hellion  
  47  4:20  Hellion  
  49  4:25  Supply Depot  
  49  4:28  SCV  
  50  4:32  Factory  
  50  4:34  Orbital Command  
  50  4:37  Viking  
  52  4:41  Hellion  
  52  4:42  Hellion  
  56  4:49  SCV  
  57  5:00  Engineering Bay  
  57  5:01  SCV  
  57  5:02  SCV  
  63  5:07  Hellion x2  
  63  5:09  Starport Reactor  
  63  5:16  Siege Tank  
  63  5:17  Infernal Pre-Igniter  
  63  5:19  SCV  
  67  5:21  SCV  
  68  5:31  Hellion x2  
  72  5:36  Supply Depot  
  72  5:43  Armory  
  72  5:44  Armory, SCV x2  
  70  6:04  Supply Depot, Refinery  
  70  6:10  Command Center  
  70  6:11  Medivac x2  
  74  6:12  SCV x2  
  76  6:20  Hellion x2  
  76  6:22  Hellion  
  82  6:26  Refinery  
  82  6:32  Terran Vehicle Weapons Level 1  
  82  6:33  SCV  
  82  6:34  SCV  
  84  6:40  Missile Turret  
  84  6:41  Terran Vehicle And Ship Armor Level 1  
  84  6:52  Hellion x2  
  88  6:56  Siege Tank  
  88  6:58  SCV x2  
  93  7:10  SCV, Missile Turret  
  94  7:21  SCV, Viking x2  
  100  7:22  SCV  
  100  7:25  Hellion  
  100  7:26  Hellion  
  98  7:38  SCV  
  98  7:39  SCV, Orbital Command  
  89  7:51  SCV x2  
  84  7:57  Siege Tank  
  84  7:58  Hellion x2  
  83  8:11  Factory x2  
  83  8:12  Factory  
  80  8:29  Hellion x2  
  80  8:30  SCV x3, Terran Vehicle Weapons Level 2  
  80  8:33  Siege Tank  
  86  8:42  SCV x3  
  86  8:44  Refinery  
  86  8:45  Refinery  
  86  8:46  Terran Vehicle And Ship Armor Level 2  
  86  8:47  Command Center  
  89  8:52  Missile Turret  
  89  8:55  Hellion  
  91  8:57  Factory Tech Lab  
  91  8:58  Factory Tech Lab x2  
  91  9:09  Siege Tank  
  94  9:18  Hellion x2, Siege Tank  
  94  9:22  Supply Depot  
  94  9:23  Supply Depot  
  101  9:27  Missile Turret  
  101  9:29  Siege Tank  
  101  9:30  Missile Turret  
  104  9:37  Viking x2  
  108  9:43  Hellion  
  108  9:44  Siege Tank  
  113  9:51  Missile Turret  
  111  9:53  Siege Tank  
  111  9:57  Siege Tank  
  117  10:05  Siege Tank  
  120  10:11  Missile Turret  
  120  10:12  Hellion  
  120  10:26  Hellion x2, Viking, Siege Tank x2  
  132  10:32  Refinery  
  128  10:50  Hellion x6  
  118  11:05  Viking x2  
  122  11:15  Hellion x2, Siege Tank x2  
  132  11:23  Siege Tank x2  
  126  11:27  Planetary Fortress  
  126  11:38  Viking x2  
  132  11:54  Hellion x2, Siege Tank x2  
  138  12:04  Siege Tank  
  138  12:08  Viking, Siege Tank  
  140  12:14  Refinery  
  139  12:30  Hellion  
  139  12:33  Viking  
  139  12:34  Hellion  
  134  12:39  SCV x3  
  134  12:44  Orbital Command  
  132  12:54  Hellion x2, Siege Tank  
  139  12:59  Terran Vehicle Weapons Level 3  
  139  13:03  Siege Tank x2  
  143  13:15  Terran Vehicle And Ship Armor Level 3, Viking  
  141  13:22  Hellion  
  143  13:31  Liberator  
  143  13:32  Liberator  
  143  13:36  Siege Tank x2  
  143  13:55  Supply Depot  
  149  14:14  Liberator  
  146  14:23  Siege Tank x2, Liberator  
  152  14:57  Liberator  
  150  15:05  Liberator  
  153  15:21  Siege Tank  
  153  15:27  Command Center  
  159  15:32  Command Center  
  159  15:40  Liberator  
  150  15:48  Siege Tank x2  
  144  16:04  Siege Tank  
  138  16:50  Hellion x2  
  138  16:51  Liberator x2  
  142  17:07  Siege Tank x2  
  145  17:30  Hellion  
  145  17:31  Hellion  
  126  17:57  Hellion x2, Siege Tank x2  
  126  17:58  Siege Tank x2  
  113  18:22  Hellion x2  
  112  18:29  Siege Tank  
  112  18:30  Siege Tank x2  
  112  18:31  Hellion  
  120  18:43  Hellion  
  120  18:44  Hellion  
  124  18:53  Siege Tank  
  127  19:02  Hellion x2, Siege Tank  
  134  19:09  Planetary Fortress  
  128  19:13  Orbital Command  
  117  19:34  Hellion x2, Siege Tank  
  117  19:35  Siege Tank x2  
Show
View Real Time Build Order
Export as new Build Order

pugwalker Terran 

Build Orders: Cyclone Opening, Bio Tank, MMM Bio 

Get SALT Encoding   

  12  0:00  SCV  
  13  0:13  SCV  
  14  0:17  Supply Depot  
  14  0:25  SCV  
  15  0:29  Refinery  
  15  0:39  SCV  
  16  0:44  Barracks  
  16  0:51  SCV  
  17  1:03  SCV  
  18  1:15  SCV  
  19  1:27  SCV  
  19  1:32  Marine  
  21  1:33  Factory  
  21  1:39  Supply Depot  
  21  1:40  Orbital Command  
  21  1:50  Marine  
  21  2:08  SCV  
  22  2:17  Command Center  
  22  2:18  Factory Tech Lab  
  22  2:20  SCV  
  23  2:26  Refinery  
  23  2:32  Barracks Reactor, SCV  
  24  2:45  SCV  
  25  2:57  Cyclone  
  25  2:58  SCV  
  29  3:02  Barracks  
  29  3:09  Marine x2  
  31  3:20  Barracks  
  31  3:22  Engineering Bay  
  31  3:28  SCV  
  31  3:31  Orbital Command  
  32  3:36  Marine x2  
  32  3:38  Siege Tank  
  38  3:41  SCV  
  38  3:47  Supply Depot  
  38  3:51  Barracks Tech Lab  
  38  3:53  SCV  
  39  4:00  Starport  
  40  4:02  SCV  
  40  4:10  Supply Depot  
  40  4:11  Barracks Reactor  
  40  4:17  Siege Tank  
  43  4:18  SCV  
  43  4:21  SCV  
  45  4:30  SCV, Stimpack  
  46  4:33  SCV  
  47  4:42  SCV  
  47  4:45  SCV  
  49  4:52  Command Center  
  49  4:54  SCV  
  49  4:57  SCV  
  49  4:59  Starport Reactor  
  51  5:06  SCV  
  52  5:09  SCV  
  52  5:10  Refinery x2  
  52  5:12  Terran Infantry Weapons Level 1, Supply Depot  
  53  5:19  SCV  
  54  5:21  SCV  
  55  5:31  SCV  
  55  5:33  SCV  
  57  5:42  Missile Turret  
  57  5:43  SCV, Missile Turret  
  57  5:45  SCV  
  55  5:52  Marine  
  55  5:53  Marauder, Marine x3  
  55  5:54  Siege Tank  
  55  5:55  SCV  
  65  5:57  Medivac x2  
  65  5:58  SCV  
  70  6:05  Supply Depot  
  70  6:06  Supply Depot, Orbital Command  
  70  6:07  SCV  
  70  6:10  SCV  
  72  6:14  Marine  
  72  6:15  Marine x2  
  72  6:16  Marauder  
  77  6:21  SCV  
  77  6:23  Marine  
  77  6:25  SCV  
  80  6:26  Orbital Command  
  80  6:30  Combat Shields  
  80  6:33  SCV  
  81  6:49  Marine x2  
  81  6:54  SCV x3  
  84  6:55  Barracks  
  84  6:56  Barracks  
  84  6:57  Factory, Barracks  
  86  7:04  Supply Depot  
  86  7:06  SCV, Marine x2  
  86  7:07  Supply Depot  
  90  7:09  Marauder  
  90  7:10  SCV x2  
  90  7:11  Terran Infantry Armor Level 1  
  93  7:21  Engineering Bay  
  93  7:23  SCV x2, Armory, Marine x2  
  81  7:43  Marauder  
  76  7:48  Marine x5  
  76  7:49  Barracks Tech Lab x2  
  74  7:57  SCV x2  
  73  8:04  Marauder  
  73  8:10  Marauder, Marine x4  
  73  8:11  Barracks Tech Lab  
  79  8:13  Marauder  
  76  8:29  Marine x2  
  76  8:30  Marauder x2  
  76  8:31  SCV  
  76  8:32  SCV  
  76  8:33  SCV  
  85  8:43  Missile Turret  
  85  8:44  SCV  
  85  8:45  Missile Turret  
  85  8:48  SCV x2  
  88  8:56  SCV  
  88  8:58  Marine  
  88  8:59  Marine x2  
  88  9:00  SCV x2, Refinery, Marauder x3  
  100  9:08  SCV  
  101  9:11  Missile Turret x2  
  101  9:12  SCV x2  
  101  9:13  Marine  
  101  9:14  Factory Tech Lab  
  101  9:15  Siege Tank  
  109  9:17  Medivac x2  
  109  9:20  SCV  
  114  9:24  SCV x2  
  114  9:27  Marine  
  114  9:28  Concussive Shells  
  114  9:29  Marauder  
  117  9:34  Supply Depot, Terran Infantry Weapons Level 2  
  117  9:35  Supply Depot, Terran Infantry Armor Level 2  
  117  9:36  Supply Depot  
  117  9:55  SCV x2, Marine x2  
  117  9:56  Supply Depot, Marine x2, Marauder x2  
  117  9:57  Marauder x2  
  117  9:58  Supply Depot  
  117  9:59  Supply Depot  
  131  10:02  Refinery  
  131  10:05  SCV  
  132  10:07  SCV  
  132  10:11  Medivac  
  132  10:12  Siege Tank, Medivac  
  132  10:13  Marine  
  141  10:18  Marauder, Marine x2  
  144  10:21  Marine x2  
  144  10:22  Marauder x2  
  144  10:23  Siege Tank  
  144  10:25  Supply Depot  
  144  10:27  Supply Depot  
  153  10:30  Supply Depot  
  153  10:38  Marine x3  
  153  10:40  Marauder  
  145  11:07  Marauder x3, Marine x4  
  145  11:08  Siege Tank x2, Marine  
  162  11:12  Command Center  
  162  11:34  Marine, Marauder  
  162  11:35  Marine x3, Marauder x3  
  162  11:37  Terran Vehicle Weapons Level 1  
  174  11:42  Factory  
  174  11:43  Siege Tank, Barracks  
  177  11:50  Supply Depot  
  177  11:52  Marine  
  178  11:56  Marauder  
  177  12:11  Marauder x3, Marine x4  
  177  12:12  Siege Tank  
  177  12:15  Siege Tank  
  193  12:17  Marine  
  194  12:29  Marine  
  185  12:41  Marauder x4, Marine x3  
  191  12:46  Command Center, Marine  
  185  12:59  Marine x2  
  185  13:00  Marine  
  185  13:01  Siege Tank x2  
  189  13:13  SCV x2  
  189  13:14  SCV  
  189  13:18  Marine  
  189  13:19  Marine  
  194  13:22  Planetary Fortress  
  194  13:25  SCV, Marine  
  194  13:26  SCV x2  
  198  13:27  Marine  
  198  13:30  Refinery  
  198  13:35  Refinery  
  193  13:58  Marauder x2, Marine x3  
  200  14:12  Starport  
  188  14:46  Viking x2  
  188  14:48  Orbital Command  
  192  15:11  Reaper, Marauder x2  
  192  15:12  Marauder  
  192  15:31  Marauder, Marine x3  
  192  15:32  Siege Tank  
  186  15:58  Marine x2  
  186  15:59  Marauder x2, Marine x2  
  186  16:00  Siege Tank, Marauder x2  
  189  16:19  SCV x4  
  189  16:21  Starport Tech Lab, Marauder  
  181  16:36  Marauder x3, Marine x5  
  181  16:37  Siege Tank x2, Medivac  
  200  16:54  Marine x3  
  197  16:59  Starport  
  197  17:00  Starport x2  
  197  17:01  Starport  
  200  17:02  Fusion Core  
  200  17:09  Refinery  
  200  17:10  Refinery  
  138  17:54  Marine x5, Marauder x4  
  107  18:01  Banshee  
  107  18:02  Viking x2  
  111  18:12  Marine x5  
  115  18:15  Marauder  
  100  18:34  Marauder x3, Marine x4  
  93  18:44  Marine  
  93  18:45  Marine  
  93  18:46  Viking x2  
  93  18:48  Viking  
  93  18:49  Viking  
  93  18:51  Marine  
  93  18:52  Marine  
  93  18:53  Factory Tech Lab  
  98  19:08  Viking  
  86  19:16  Marine x3, Marauder x4  
  86  19:17  Marine x2  
  93  19:18  Viking x2  
  95  19:26  Command Center  
  81  19:34  Marine x3  
  81  19:37  Marauder  
  73  19:43  Marine x5  
Tags
 
Add a new tag
Caveats
  • Supply blocks, unpowered buildings, or Contaminate may cause inaccurate times.
  • Supply counts are checked every 10 seconds.